Description

"Curious' 2 Base Nydus"

Build Order

Get SALT Encoding   

  9  0:10  Overlord  
  15  0:50  Hatchery  
  16  0:55  Extractor  
  16  1:15  Spawning Pool  
  16  2:00  Queen x2  @100% spawning pool
  16  2:10  Zergling x4  
  16  2:20  Metabolic Boost  pull all drones from gas
  16  2:58  Queen  @100% Queen
  42  3:30  Lair  @ 100gas
  16  4:15  Drone  put 1 drone back on gas
  16  5:30  Drone  all drone back on gas
  16  5:45  Extractor x2  
  42  6:30  Extractor x3  and a spine crawler
  42  7:00  Hydralisk Den, Roach Warren, Roach, Queen, Evolution Chamber, Nydus Network  only if you want to extend game, grooved spines and missle + 1
Spawning Tool Build Advisor. Get it on Overwolf

Go to:

Details

  • Created by: Loonga  
  • Published on: Oct 23, 2017
  • Modified on: Oct 23, 2017
  • Patch: 3.8.0
Show
View Real Time Build Order
Export as new Build Order

Comments (1)

On Nov. 12, 2017, 5:07 p.m., Elekris  said:

But that's not a LotV build order....

Create an account to comment!